 Dungeon Crawl Stone Soup version 0.30-a0-778-g2ef04afb54 (console) character file.

Game seed: 12792373142640716265

44 rlgrobin the Chopper (level 4, -1/38 HPs)
             Began as a Meteoran Fighter on Feb 15, 2023.
             Slain by a troll (7 damage)
             ... on level 5 of the Dungeon on Feb 16, 2023.
             The game lasted 00:03:42 (637 turns).

rlgrobin the Chopper (Meteoran Fighter)              Turns: 637, Time: 00:03:42

Health: -1/38      AC: 10    Str: 19    XL:     4   Next: 8%
Magic:  5/5        EV:  9    Int:  9    God:
Gold:   72         SH:  5    Dex: 14    Spells: 3/3 levels left

rFire   . . .      SeeInvis .    a - +0 war axe
rCold   . . .      Faith    .    c - +0 buckler
rNeg    . . .      Spirit   .    b - +0 scale mail
rPois   .          Reflect  .    (no helmet)
rElec   .          Harm     .    (no cloak)
rCorr   .          Rampage  .    (no gloves)
Will    .....                    h - +2 pair of boots {Fly} Stlth
                                 (no amulet)
HPRegen 0.26/turn                (no ring)
MPRegen 0.09/turn                (no ring)

@: mighty, flying, glowing
A: sense surroundings 1, otherworldly, glowing, explore regen
a: no special abilities


You were on level 5 of the Dungeon.
You visited 1 branch of the dungeon, and saw 5 of its levels.

You collected 72 gold pieces.

Inventory:

Hand Weapons
 a - a +0 war axe (weapon)
Missiles
 g - 6 poisoned darts (quivered)
Armour
 b - a +0 scale mail (worn)
 c - a +0 buckler (worn)
 h - a +2 pair of boots of flying (worn)
Scrolls
 e - a scroll of fear {unknown}
 f - a scroll of poison {unknown}
 j - a scroll of identify {unknown}
 m - a scroll of vulnerability {unknown}
 o - a scroll of blinking {unknown}
Potions
 d - a potion of might
 i - 2 potions of curing {unknown}
 k - 2 potions of cancellation {unknown}
 l - a potion of ambrosia {unknown}
 n - a potion of flight {unknown}


   Skills:
 - Level 3.2 Fighting
 + Level 4.7 Axes
 - Level 3.6 Armour
 - Level 3.6 Shields


You had 3 spell levels left.
You didn't know any spells.
Your spell library was empty.

Dungeon Overview and Level Annotations

Branches:
Dungeon (5/15) Zot: 2340
 Temple: D:4-7

Altars:


Innate Abilities, Weirdness & Mutations

You passively map a small area around you.
You are easily found by Zot.
You glow in the dark.
You regain HP and MP as you explore.


Message History

a +0 club; a goblin corpse
Things that are here:
a +0 club; a goblin corpse A worm comes into view.
You slash the worm!
The worm is severely wounded.
The worm bites you but does no damage.
You hit the worm.
The worm is almost dead.
You slash the worm!
You kill the worm!
You reach down and open the door.
Found a stone staircase leading down.
There is an open door here.
There is a stone staircase leading down here.
You fly downwards.
There is a stone staircase leading up here.
There is a stone staircase leading up here.
There is a stone staircase leading up here.
Found a scroll labelled MUUCEOX NEPSAA.
o - a scroll labelled MUUCEOX NEPSAA
Found 10 gold pieces.
A troll comes into view.
The troll shouts!
A hound comes into view.
The hound barks!
You feel very mighty all of a sudden.
You barely miss the troll. The troll bites you but does no damage.
You block the troll's attack. The troll claws you but does no damage.
You closely miss the troll.
An adder comes into view.
The troll bites you! The troll claws you! You block the troll's attack.
The hound bites you but does no damage.
The adder hisses angrily.
You hit the troll.
The troll is lightly wounded.
You barely miss the hound. The hound closely misses you. The troll bites you!
* * * LOW HITPOINT WARNING * * *
The troll claws you!
You die...

* ....S..
##....... ,
#........
#........ *
*#####
#........ , ,
....###........
, *
##..##h.......
,
#...T@........
,
#.#.####......,
#.#.# *.####
#.#.# # ###...#
* , , #....## ,
, ,#...##.# **
* ...# #.# , #.
#.# *,, *


You could see a troll, a hound and an adder.

Vanquished Creatures
  2 adders
  A worm (D:4)
  A dart slug (D:2)
  An endoplasm (D:2)
  A giant cockroach (D:2)
  2 goblins
  2 hobgoblins (D:2)
  2 jackals (D:3)
  2 quokkas (D:2)
  2 ball pythons
  2 kobolds (D:4)
  4 rats
22 creatures vanquished.

Notes
Turn   | Place    | Note
-------+----------+-------------------------------------------
     0 | D:1      | rlgrobin the Meteoran Fighter began the quest for the Orb.
     0 | D:1      | Reached XP level 1. HP: 19/19 MP: 2/2
    82 | D:2      | Reached skill level 3 in Axes
    82 | D:2      | Reached XP level 2. HP: 20/26 MP: 3/3
   213 | D:2      | Reached XP level 3. HP: 22/31 MP: 4/4
   221 | D:2      | Reached skill level 4 in Axes
   549 | D:4      | Reached XP level 4. HP: 38/38 MP: 5/5
   599 | D:5      | Entered Level 5 of the Dungeon
   630 | D:5      | Noticed a troll
   637 | D:5      | Slain by a troll

Illustrated notes

Levels and vault maps discovered:
D:1:      minmay_arrival_four_loops, layout_basic
D:2:      layout_basic, minmay_misc_feat_rugged, serial_bayou_crossing
D:3:      layout_loops_ring
D:4:      layout_loops_corners, uniq_edmund, uniq_pikel, uniq_blork_the_orc
D:5:      old_forge, layout_rooms, nicolae_wormholes, uniq_crazy_yiuf_cottage

Skill      XL: |  1  2  3 |
---------------+----------+-----
Axes           | 3 4 |  4.7
Fighting       | |  3.2
Armour         | |  3.6
Shields        | |  3.6

Action                     |  1- 3 |  4- 6 || total
---------------------------+-------+-------++-------
  Melee: War axe           |    62 |     6 ||    68
    Use: Potion            |       |     1 ||     1
 Armour: Scale mail        |    36 |     4 ||    40
  Dodge: Dodged            |    19 |     1 ||    20
  Block: Buckler           |    23 |     2 ||    25

Table legend: (Time is in decaauts)
 A = Elapsed time spent in this place.
 B = Non-inter-level travel time spent in this place.
 C = Inter-level travel time spent in this place.
 D = Time resting spent in this place.
 E = Time spent auto-exploring this place.
 F = Levels seen in this place.
 G = Mean time per level.
                   A        B        C        D        E       F      G
               +--------+--------+--------+--------+--------+-----+--------+
         Total |    658 |    658 |      0 |      0 |      0 |   5 |  131.6 |
       Dungeon |    658 |    658 |      0 |      0 |      0 |   5 |  131.6 |
               +--------+--------+--------+--------+--------+-----+--------+

Top non-repeatable levels by time:
     D:2: 294 daAuts
     D:4: 180 daAuts
     D:1: 76 daAuts
     D:3: 69 daAuts
     D:5: 38 daAuts
